 Dungeon Crawl Stone Soup version bcrawl-1.38.1 (webtiles) character file.

Game seed: 12730448272199771164

246143 Morbidden the Sneak (level 5, 29/29 HPs)
             Began as a Vine Stalker Archaeologist on Mar 30, 2023.
             Quit the game on level 2 of the Dungeon.
             The game lasted 00:02:41 (966 turns).

Morbidden the Sneak (Vine Stalker Archaeologist)     Turns: 966, Time: 00:02:42

Health: 29/29      AC: 11    Str: 16    XL:     5   Next: 27%
Magic:  7/7        EV: 12    Int: 15    God:
Gold:   90         SH:  0    Dex: 13    Spells: 6/6 levels left

rFire    . . .     GDR:     26% a - +0 dagger (venom)
rCold    . . .     SeeInvis .   (no shield)
rNeg     . . .     Gourm    .   o - +0 ring mail
rPois    .         Faith    .   d - +1 hat
rElec    .         Spirit   .   (no cloak)
rCorr    .         Reflect  .   h - +2 pair of gloves {Str+3}
MR       .....                  q - +1 pair of boots
Stlth    ++........             (no amulet)
HPRegen  0.54/turn              (no ring)
MPRegen  0.10/turn              (no ring)

@: no status effects
A: fangs 2, regeneration 1, no potion heal 3, rot immunity, strong jaws
a: no special abilities


You were on level 2 of the Dungeon.
You were not hungry.

You visited 1 branch of the dungeon, and saw 2 of its levels.

You collected 90 gold pieces.

Inventory:

Hand Weapons
 a - a +0 dagger of venom (weapon)
 b - a +0 blowgun
 t - a +0 mace
Missiles
 f - 6 curare-tipped needles
 u - 151 poisoned tomahawks (quivered)
Armour
 d - a +1 hat (worn)
 h - a +2 pair of gloves of strength (worn)
 o - a +0 ring mail (worn)
 q - a +1 pair of boots (worn)
Scrolls
 g - a scroll of magic mapping
 i - 2 scrolls of identify
 m - a scroll of amnesia {unknown}
 n - a scroll of remove curse {unknown}
 p - 2 scrolls of fear {unknown}
 s - a scroll of teleportation {unknown}
Potions
 c - a potion of ambrosia {unknown}
 k - a potion of haste {unknown}
 l - 2 potions of heal wounds {unknown}
 r - a potion of might {unknown}
Comestibles
 e - 2 rations {!d}
 j - 3 chunks of flesh


   Skills:
 * Level 1.4 Fighting
 * Level 2.2 Maces & Flails
 * Level 1.0 Throwing
 * Level 1.0 Armour
 * Level 4.0 Dodging
 + Level 4.7 Stealth
 * Level 1.2 Spellcasting
 * Level 1.0 Evocations


You had 6 spell levels left.
You didn't know any spells.
Your spell library was empty.

Dungeon Overview and Level Annotations

Branches:
Dungeon (2/12)

Altars:


Innate Abilities, Weirdness & Mutations

You have extremely sharp teeth.
Your natural rate of healing is unusually fast.
Potions cannot restore your health.
You are immune to rotting.
Your bites deal extra damage.


Message History

No target in view!
No target in view!
No target in view!
No target in view!
No target in view!
No target in view!
No target in view!
No target in view!
No target in view!
No target in view!
No path to travel!
Are you sure you want to abandon this character and quit the game? (Confirm with "yes".)
Okay, then.
Okay, then.
Unknown command.
Unknown command.
Unknown command.
Unknown command.
No path to travel!
Are you sure you want to abandon this character and quit the game? (Confirm with "yes".)

...............# #..
............##.#.# #..
...>........##.#.# #... #..
.........†..##.#.#.#.... #..
............##.#.#)#.... #..
##..........##.#.#.#... ###
#####.#######.#.#.#.### ####
###.#...(...#.#...... ..#
####...#.######.@.##.###### #.#
................).........###.###
.............†.†.................
####...#.#.#...()..#.####..##.##.
#...#.#.#.#.....#.# #.....##.
#...#.#.#.#.....#.# #.....##.
#...#)#.........#.# #.....##.
#####.###.##....#.# #.....##.
#...........#.. .......##.


There were no monsters in sight!

Vanquished Creatures
  A sky beast (D:2)
  An adder (D:2)
  An ooze (D:1)
  An orc (D:2)
  A ball python (D:2)
  4 bats
  3 giant cockroaches
  7 goblins
  5 hobgoblins
  3 jackals (D:1)
  3 kobolds
  4 frilled lizards
  3 rats (D:1)
37 creatures vanquished.

Notes
Turn   | Place    | Note
-------+----------+-------------------------------------------
     0 | D:1      | Morbidden the Vine Stalker Archaeologist began the quest
                  | for the Orb.
     0 | D:1      | Reached XP level 1. HP: 11/11 MP: 2/2
    35 | D:1      | Reached skill level 1 in Fighting
    35 | D:1      | Reached skill level 1 in Maces & Flails
    35 | D:1      | Reached XP level 2. HP: 16/16 MP: 3/3
   417 | D:1      | Reached XP level 3. HP: 20/20 MP: 5/5
   868 | D:2      | Reached skill level 1 in Spellcasting
   906 | D:2      | Noticed a sky beast
   922 | D:2      | Killed a sky beast
   923 | D:2      | Reached skill level 1 in Throwing
   923 | D:2      | Reached skill level 1 in Armour
   923 | D:2      | Reached skill level 1 in Evocations
   923 | D:2      | Reached XP level 4. HP: 17/25 MP: 6/6
   923 | D:2      | Reached XP level 5. HP: 20/29 MP: 7/7
   923 | D:2      | Identified a scroll of acquirement
   923 | D:2      | Identified the ring of Vyicupty {Ice Dex+5 Slay+2} (You
                  | acquired it on level 2 of the Dungeon)
   966 | D:2      | Quit the game

Skill      XL: |  1  2  3 |
---------------+----------+-----
Fighting       | 1 |  1.4
Maces & Flails | 1 2 |  2.2
Spellcasting   | 1 |  1.2
Throwing       | 1 |  1.0
Armour         | 1 |  1.0
Dodging        | 4 |  4.0
Evocations     | 1 |  1.0
Stealth        | |  4.7

Action                   |  1- 3 |  4- 6 || total
-------------------------+-------+-------++-------
Melee: Whip              |     8 |       ||     8
       Mace              |    76 |       ||    76
       Bite              |     8 |       ||     8
       Dagger            |    15 |       ||    15
Throw: Tomahawk          |     2 |       ||     2
  Use: Scroll            |       |     1 ||     1
 Stab: Sleeping          |     8 |       ||     8
  Eat: Chunk             |     3 |     1 ||     4
Armor: Robe              |    15 |       ||    15
       Ring mail         |    27 |       ||    27
Dodge: Dodged            |    69 |       ||    69
